 Dungeon Crawl Stone Soup version 0.31-a0-237-g2d982f9f85 (webtiles) character file.

Game seed: 2131492960539906197

1292 qw the Skirmisher (level 8, -8/50 HPs)
             Began as a Gargoyle Hexslinger on July 10, 2023.
             Was an Initiate of Okawaru.
             Killed from afar by an orc wizard (9 damage)
             ... with a puff of flame
             ... on level 7 of the Dungeon.
             The game lasted 00:02:41 (6639 turns).

qw the Skirmisher (Gargoyle Hexslinger)             Turns: 6639, Time: 00:02:42

Health: -8/50      AC: 12    Str: 13    XL:     8   Next: 56%
Magic:  9/9        EV: 10    Int: 13    God:    Okawaru [......]
Gold:   336        SH:  0    Dex: 14    Spells: 8/9 levels left

rFire   . . .        Y - +2 sling (freeze)
rCold   . . .        (no shield)
rNeg    + . .        i - +0 ring mail
rPois   inf          (no helmet)
rElec   +            (no cloak)
rCorr   .            (no gloves)
SInv    .            j - +0 pair of boots
Will    .....        (no amulet)
Stlth   +            (no ring)
HPRegen 0.28/turn    (no ring)
MPRegen 0.11/turn

%: no passive effects
@: about to teleport
A: sickness immunity, AC +5, negative energy resistance 1, electricity
resistance, torment resistance 1, petrification resistance
a: Renounce Religion


You were on level 7 of the Dungeon.
You worshipped Okawaru.
Okawaru was noncommittal.
You visited 2 branches of the dungeon, and saw 8 of its levels.

You collected 336 gold pieces.


Innate Abilities, Weirdness & Mutations

You are immune to sickness and miasma.
Your stone body is resilient. (AC +5)
You are immune to poison.
You resist negative energy. (rN+)
You are resistant to electric shocks. (rElec)
You are resistant to unholy torment.
You are immune to petrification.


   Skills:
 - Level 5.5 Fighting
 + Level 8.6 Ranged Weapons
 - Level 2.4 Armour
 - Level 1.5 Dodging
 - Level 1.0 Spellcasting
 - Level 2.6 Hexes


You had 8 spell levels left.
You knew the following spells:

 Your Spells              Type           Power      Damage    Failure   Level
a - Slow                  Hex            28%        N/A       19%         1

Your spell library contained the following spells:

 Spells                   Type           Power      Damage    Failure   Level
 Inner Flame              Hex/Fire       4%         N/A       69%         3
 Portal Projectile        Hex/Tloc       8%         N/A       69%         3
 Cause Fear               Hex            3%         N/A       88%         4

Inventory:

Hand Weapons
 Y - a +2 sling of freezing (weapon)
Armour
 b - a +0 helmet
 i - a +0 ring mail (worn)
 j - a +0 pair of boots (worn)
Jewellery
 c - an amulet of regeneration
Scrolls
 e - a scroll of identify
 k - 2 scrolls of teleportation
Potions
 a - a potion of haste
 d - a potion of cancellation
 f - a potion of might {unknown}
 g - 3 potions of enlightenment
 h - 2 potions of curing
 l - a potion of heal wounds {unknown}

Dungeon Overview and Level Annotations

Branches:
Dungeon (7/15)             Temple (1/1) D:6

Altars:
Ashenzari
Dithmenos
Elyvilon
Fedhas
Hepliaklqana
Kikubaaqudgha
Makhleb
Nemelex Xobeh
Okawaru
Qazlal
Ru
Sif Muna
Uskayaw
Vehumet
Wu Jian
Xom
Zin
The Shining One

Shops:
D:1 (


Message History

The hornet stings you but does no damage.
You shoot a sling bullet.
The sling bullet barely misses the hornet.
The hornet stings you!
You hear some strange, mumbled words.
A puff of flame appears from out of thin air!
The puff of flame hits you but does no damage.
You shoot a sling bullet.
The sling bullet hits the hornet but does no damage.
The hornet stings you but does no damage.
Something hits you but does no damage.
The hornet stings you but does no damage.
You shoot a sling bullet. The sling bullet hits the hornet.
The sling bullet freezes the hornet.
The hornet is moderately wounded.
The hornet stings you! Something hits you but does no damage.
The hornet barely misses you.
You shoot a sling bullet.
The sling bullet hits the hornet but does no damage.
The hornet is moderately wounded.
Something hits you but does no damage.
The hornet stings you but does no damage.
You shoot a sling bullet. The sling bullet misses the hornet.
The hornet stings you. Something hits you but does no damage.
The hornet closely misses you.
You hear some strange, mumbled words.
A magic dart appears from out of thin air!
The magic dart hits you.
You shoot a sling bullet.
The sling bullet barely misses the hornet.
The hornet stings you. The hornet stings you!
Something hits you but does no damage.
6639 ||| READING 3 scrolls of teleportation.
As you read the scroll of teleportation, it crumbles to dust.
You feel strangely unstable.
The hornet stings you but does no damage.
You hear some strange, mumbled words.
A puff of flame appears from out of thin air!
The puff of flame hits you!
You die...

###### ## #### .# ...
)##.# ###### )...#
#....# ...## #....#
##..####....# ####.#.
##....#....#####{......
####..........@y...)..
###....#####.......
#....# ......> #....#
....... ###### #######


You could see a hornet.

Vanquished Creatures
  An orc warrior (D:6)
  An ogre (D:7)
  A phantom (D:3)
  A kobold brigand (D:7)
  A bullfrog (D:5)
  A howler monkey (D:7)
  5 orc priests
  6 hounds
  A sleepcap (D:2)
  2 iguanas (D:5)
  3 orc wizards
  Natasha (thrice) (D:3)
  3 gnolls (D:5)
  12 adders
  A white imp (D:7)
  7 worms
  2 dart slugs
  18 orcs
  7 ball pythons
  13 endoplasms
  7 giant cockroaches
  8 goblins
  8 hobgoblins
  11 jackals
  11 kobolds
  5 quokkas
  7 bats
  6 frilled lizards
  8 rats
160 creatures vanquished.

Vanquished Creatures (others)
  An orc wizard (D:3)
1 creature vanquished.

Grand Total: 161 creatures vanquished

Notes
Turn   | Place    | Note
-------+----------+-------------------------------------------
     0 | D:1      | qw the Gargoyle Hexslinger began the quest for the Orb.
     0 | D:1      | Reached XP level 1. HP: 12/12 MP: 2/2
     0 | D:1      | 0 ||| qw: Version: 0.3-a-52-g30416fa
     0 | D:1      | 0 ||| qw: Game counter: 5188
     0 | D:1      | 0 ||| qw: Melee chars always use a shield: true
     0 | D:1      | 0 ||| qw: God list: Okawaru
     0 | D:1      | 0 ||| qw: Allow faded altars: false
     0 | D:1      | 0 ||| qw: Do Orc after clearing Dungeon:15 true
     0 | D:1      | 0 ||| qw: Do second Lair branch before Depths: true
     0 | D:1      | 0 ||| qw: Lair rune preference: random
     0 | D:1      | 0 ||| qw: Goals: Normal
     0 | D:1      | 0 ||| PLANNING D:1-11
   220 | D:1      | Reached XP level 2. HP: 16/16 MP: 3/3
   261 | D:1      | Found Quleocsuom's Antique Weapon Boutique.
   311 | D:1      | Reached skill level 3 in Ranged Weapons
   386 | D:1      | Reached XP level 3. HP: 18/21 MP: 4/4
   464 | D:1      | Found a faded altar of an unknown god.
   531 | D:1      | 531 ||| UPGRADING to +0 ring mail.
   541 | D:1      | 541 ||| DROPPING +0 robe.
   542 | D:1      | 542 ||| DROPPING ring of magical power.
   543 | D:1      | 543 ||| READING scroll labelled HOPEYSHRYSSE.
   544 | D:1      | 544 ||| READING scroll labelled VAHETU XINAGGI.
   545 | D:1      | 545 ||| READING scroll labelled YGEAWO MAPUTI.
   546 | D:1      | 546 ||| READING scroll labelled PORU FUHODGHOTZ.
   550 | D:1      | 550 ||| DRINKING 3 fizzy dark potions.
   551 | D:1      | 551 ||| DROPPING scroll of poison.
   811 | D:2      | Reached XP level 4. HP: 26/26 MP: 5/5
   928 | D:2      | Reached skill level 4 in Ranged Weapons
   981 | D:2      | Reached skill level 1 in Armour
  1114 | D:2      | Reached XP level 5. HP: 21/30 MP: 6/6
  1126 | D:2      | 1126 ||| FLEEEEING.
  1166 | D:2      | 1166 ||| FLEEEEING.
  1167 | D:2      | 1167 ||| FLEEEEING.
  1168 | D:2      | 1168 ||| FLEEEEING.
  1169 | D:2      | 1169 ||| FLEEEEING.
  1384 | D:2      | Reached skill level 5 in Ranged Weapons
  1624 | D:2      | 1624 ||| READING 2 scrolls labelled ISTOFF FEGG.
  1625 | D:2      | 1625 ||| READING scroll labelled ECRAKE GAF SOG.
  1626 | D:2      | 1626 ||| READING scroll labelled UCOL FYSSUDENO.
  1627 | D:2      | 1627 ||| READING scroll labelled ALUOJU ULLUNG.
  1628 | D:2      | 1628 ||| DRINKING 3 coppery potions.
  1629 | D:2      | 1629 ||| READING 2 scrolls of identify.
  1629 | D:2      | 1629 ||| IDENTIFYING cyan potion
  1630 | D:2      | 1630 ||| DROPPING scroll of vulnerability.
  1733 | D:3      | Noticed Natasha
  1746 | D:3      | HP: 6/31 [cerulean imp/+1 spear[Natasha] (5)]
  1747 | D:3      | 1747 ||| READING scroll of teleportation.
  1749 | D:3      | HP: 1/31 [cerulean imp/+1 spear[Natasha] (3)]
  1750 | D:3      | Killed Natasha
  1751 | D:3      | Reached skill level 3 in Fighting
  1878 | D:3      | Noticed a water elemental
  1880 | D:3      | Found a stormy altar of Qazlal.
  1883 | D:3      | Noticed a fire elemental
  1883 | D:3      | Noticed an air elemental
  2139 | D:3      | 2139 ||| DRINKING 2 potions of curing.
  2139 | D:3      | 2139 ||| (to cure confusion)
  2142 | D:3      | Reached XP level 6. HP: 36/37 MP: 7/7
  2149 | D:3      | 2149 ||| DRINKING potion of curing.
  2149 | D:3      | 2149 ||| (to cure confusion)
  2157 | D:3      | HP: 6/37 [orc priest/divine providence (13)]
  2162 | D:3      | HP: 2/37 [something/magic dart (5)]
  2168 | D:3      | Reached skill level 6 in Ranged Weapons
  2176 | D:3      | HP: 4/37 [phantom (2)]
  2187 | D:3      | HP: 4/37 [phantom (1)]
  2415 | D:3      | Noticed Natasha
  2419 | D:3      | Killed Natasha
  2425 | D:3      | Noticed Natasha
  2429 | D:3      | Killed Natasha
  2430 | D:3      | Reached XP level 7. HP: 43/43 MP: 8/8
  2680 | D:3      | 2680 ||| FLEEEEING.
  2770 | D:3      | 2770 ||| DRINKING 2 blue potions.
  2771 | D:3      | 2771 ||| DRINKING 2 lumpy blue potions.
  2772 | D:3      | 2772 ||| DROPPING potion of brilliance.
  2773 | D:3      | 2773 ||| DROPPING potion of degeneration.
  2793 | D:4      | Found a burning altar of Makhleb.
  2805 | D:4      | Found a shimmering blue altar of Sif Muna.
  2837 | D:4      | Found a glowing golden altar of the Shining One.
  2890 | D:4      | 2890 ||| DRINKING potion of curing.
  2890 | D:4      | 2890 ||| (to cure confusion)
  3054 | D:4      | 3054 ||| FLEEEEING.
  3055 | D:4      | 3055 ||| FLEEEEING.
  3855 | D:4      | 3855 ||| UPGRADING to +0 pair of boots.
  3860 | D:4      | 3860 ||| READING scroll labelled YTAJA NIRRIAF.
  3861 | D:4      | 3861 ||| READING 2 scrolls labelled RAPRIE ISSALE.
  3862 | D:4      | 3862 ||| DROPPING scroll of noise.
  3892 | D:5      | Entered Level 5 of the Dungeon
  4040 | D:5      | Reached skill level 7 in Ranged Weapons
  4140 | D:5      | 4140 ||| Stepping ~*~*~tactically~*~*~ (outnumbered).
  4157 | D:5      | HP: 8/43 [bullfrog (5)]
  4158 | D:5      | 4158 ||| READING scroll of teleportation.
  4395 | D:5      | Reached XP level 8. HP: 48/48 MP: 9/9
  4423 | D:5      | Reached skill level 8 in Ranged Weapons
  4822 | D:6      | Found a glowing silver altar of Zin.
  5017 | D:6      | 5017 ||| Stepping ~*~*~tactically~*~*~ (outnumbered).
  5031 | D:6      | HP: 11/50 [orc priest/divine providence (13)]
  5032 | D:6      | 5032 ||| READING 3 scrolls of teleportation.
  6171 | D:6      | Found a staircase to the Ecumenical Temple.
  6172 | D:6      | 6172 ||| PLANNING TEMPLE
  6172 | D:6      | 6172 ||| READING 3 scrolls of identify.
  6172 | D:6      | 6172 ||| IDENTIFYING fizzy amethyst potion
  6173 | D:6      | 6173 ||| READING 2 scrolls of identify.
  6173 | D:6      | 6173 ||| IDENTIFYING glowing black potion
  6174 | D:6      | 6174 ||| DROPPING potion of attraction.
  6175 | D:6      | 6175 ||| DROPPING potion of lignification.
  6181 | Temple   | Entered the Ecumenical Temple
  6320 | Temple   | 6320 ||| PLANNING OKAWARU WORSHIP
  6402 | Temple   | Became a worshipper of Warmaster Okawaru
  6403 | Temple   | 6403 ||| PLANNING D:1-11
  6480 | D:7      | 6480 ||| PLANNING OSSUARY
  6578 | D:7      | 6578 ||| Stepping ~*~*~tactically~*~*~ (outnumbered).
  6627 | D:7      | Noticed a hornet
  6638 | D:7      | HP: 10/50 [hornet (5)]
  6638 | D:7      | HP: 1/50 [hornet (9)]
  6639 | D:7      | 6639 ||| READING 3 scrolls of teleportation.
  6639 | D:7      | Killed from afar by an orc wizard

Levels and vault maps discovered:
D:1:      heliophobic_arrival_dark_side_of_the_moon, layout_rooms,
          shapermc_ecumenical_altar_pompeii, serial_shops, nicolae_diamond_shop
D:2:      minmay_thinvault, layout_rooms, minmay_divided_ellipse
D:3:      layout_basic, nicolae_qazlal_style_of_elements, nicolae_wormholes,
          uniq_natasha
D:4:      layout_layer_cave, mainiacjoe_overflow_24_doors,
          mainiacjoe_overflow_big_doors, minivault_26
D:5:      layout_basic
D:6:      layout_layer_cave, zin_academy, minmay_temple_entry_fiery
D:7:      layout_rooms, lightli_ossuary_entry_decrepit_ruins,
          nicolae_shop_clearance
Temple:   nicolae_temple_figure_eight

Skill      XL: |  1  2  3  4  5  6  7  8 |
---------------+-------------------------+-----
Ranged Weapons | 3 4 5 6 7 8 |  8.6
Fighting       | 2 3 4 5 |  5.5
Armour         | 1 2 |  2.4
Dodging        | |  1.5
Spellcasting   | |  1.0
Hexes          | |  2.6

Action                     |  1- 3 |  4- 6 |  7- 9 || total
---------------------------+-------+-------+-------++-------
   Fire: Sling             |   118 |   236 |   258 ||   612
    Use: Scroll            |     4 |     6 |     7 ||    17
         Potion            |     1 |     3 |     3 ||     7
 Armour: Robe              |     7 |       |       ||     7
         Ring mail         |    37 |    92 |    73 ||   202
  Dodge: Dodged            |    63 |    81 |    71 ||   215

Table legend:
 A = Non-vault XP
 B = Vault XP
 C = Vault XP percentage of total XP
 D = Non-vault monster count
 E = Vault monster count
 F = Vault count percentage of total count
                 A         B        C        D         E       F
            +---------+---------+-------+---------+---------+-------
      Total |    1678 |     168 |   9.1 |     126 |      35 |  21.7
            +---------+---------+-------+---------+---------+-------
        D:1 |      40 |       0 |   0.0 |      22 |       0 |   0.0
        D:2 |      91 |     108 |  54.3 |      30 |      29 |  49.2
        D:3 |     386 |      55 |  12.5 |      22 |       5 |  18.5
        D:4 |     147 |       0 |   0.0 |      19 |       0 |   0.0
        D:5 |     391 |       5 |   1.3 |      13 |       1 |   7.1
        D:6 |     295 |       0 |   0.0 |      10 |       0 |   0.0
        D:7 |     328 |       0 |   0.0 |      10 |       0 |   0.0
            +---------+---------+-------+---------+---------+-------
